 Dungeon Crawl Stone Soup version 0.21.1-1-g345015f (webtiles) character file.

613 Kjarvalr the Shield-Bearer (level 7, -7/61 HPs)
             Began as a Minotaur Fighter on Apr 13, 2018.
             Mangled by Menkaure (12 damage)
             ... on level 4 of the Dungeon.
             The game lasted 00:14:44 (1370 turns).

Kjarvalr the Shield-Bearer (Minotaur Fighter)       Turns: 1370, Time: 00:14:45

Health: -7/61      AC: 13    Str: 22    XL:     7   Next: 20%
Magic:  6/6        EV:  7    Int:  5    God:
Gold:   45         SH: 10    Dex: 10    Spells: 6/6 levels left

rFire    . . .     SeeInvis .   a - +0 long sword
rCold    . . .     Gourm    .   c - +0 shield
rNeg     . . .     Faith    .   w - +0 chain mail
rPois    +         Spirit   .   (helmet restricted)
rElec    .         Reflect  .   r - +0 cloak
rCorr    .         Harm     .   (no gloves)
MR       .....                  g - +1 pair of boots
Stlth    ..........             (no amulet)
HPRegen  0.20/turn              i - ring of poison resistance
MPRegen  0.10/turn              (no ring)

@: no status effects
A: retaliatory headbutt, horns 2
a: no special abilities


You were on level 4 of the Dungeon.
You were hungry.

You visited 1 branch of the dungeon, and saw 4 of its levels.

You collected 45 gold pieces.

Inventory:

Hand Weapons
 a - a +0 long sword (weapon)
 v - a +0 flail of holy wrath
Missiles
 s - 13 poisoned needles
Armour
 b - a +0 scale mail
 c - a +0 shield (worn)
 g - a +1 pair of boots (worn)
 r - a +0 cloak (worn)
 w - a +0 chain mail (worn)
Jewellery
 i - a ring of poison resistance (left hand)
 k - a -3 ring of dexterity
 m - an uncursed ring of resist corrosion {unknown}
Wands
 o - a wand of digging (7)
Scrolls
 h - a scroll of random uselessness {unknown}
 j - 2 scrolls of remove curse
 p - a scroll of enchant weapon {unknown}
 q - a scroll of identify
Potions
 d - 2 potions of might
 e - a potion of agility
 n - a potion of haste {unknown}
 t - a potion of degeneration {unknown}
 u - a potion of mutation {unknown}
Comestibles
 f - 7 rations
 l - 7 chunks of flesh


   Skills:
 + Level 5.0 Fighting
 + Level 5.8 Long Blades
 + Level 5.2 Armour
 + Level 2.3 Dodging
 + Level 0.1 Stealth
 + Level 6.0 Shields


You had 6 spell levels left.
You didn't know any spells.

Dungeon Overview and Level Annotations

Branches:
Dungeon (4/15)
 Temple: D:4-7

Altars:
Fedhas
Kikubaaqudgha
The Shining One

Shops:
D:4 (!

Annotations:
D:4 Menkaure


Innate Abilities, Weirdness & Mutations

You reflexively headbutt those who attack you in melee.
You have a pair of horns on your head.


Message History

You headbutt the giant cockroach.
You kill the giant cockroach!
You block Menkaure's attack.
You hit Menkaure.
Menkaure is severely damaged.
Menkaure shouts, "The sands of time shall wipe you from history!"
Menkaure calls on the powers of darkness!
Your body is wracked with pain!
* * * LOW HITPOINT WARNING * * *
Menkaure calls on the powers of darkness!
Your body is wracked with pain!
* * * LOW HITPOINT WARNING * * *
Unknown command.
You hit Menkaure.
Menkaure is almost destroyed.
Menkaure hits you but does no damage.
Your shield and chain mail prevent you from hitting Menkaure.
Menkaure is almost destroyed.
Menkaure hits you!
You die...

≈≈ ###### #≈# #....#
+..#############....#
###≈..<...##.....#....#
≈≈≈≈.........).....[..#
..........$...........#
....!)................#
).....M@..............#
..∩...†......(........#
......................#
.##.............<[....#
##..............#####
##...!.##.....##
#########.#### #.# ####
###.# #...


You could see Menkaure.

Vanquished Creatures
  Edmund (D:4)
  Duvessa (D:4)
  2 phantoms (D:4)
  Dowan (D:4)
  2 hounds (D:4)
  Ijyb (D:3)
  4 adders
  3 worms
  The ghost of thisgamesucks the Skirmisher, a weakling MfCK of Xom (D:4)
  3 leopard geckos
  An orc (D:2)
  4 giant cockroaches
  3 goblins
  9 hobgoblins
  2 jackals (D:1)
  2 quokkas (D:2)
  A ball python (D:4)
  3 bats (D:2)
  4 frilled lizards
  4 kobolds
  4 rats
56 creatures vanquished.

Notes
Turn   | Place    | Note
-------+----------+-------------------------------------------
     0 | D:1      | Kjarvalr the Minotaur Fighter began the quest for the Orb.
     0 | D:1      | Reached XP level 1. HP: 19/19 MP: 0/0
   105 | D:2      | Reached XP level 2. HP: 27/27 MP: 1/1
   193 | D:2      | Reached skill level 4 in Shields
   290 | D:2      | Reached XP level 3. HP: 28/33 MP: 2/2
   542 | D:2      | Found an ancient bone altar of Kikubaaqudgha.
   542 | D:2      | Found a glowing golden altar of the Shining One.
   542 | D:2      | Found a blossoming altar of Fedhas.
   830 | D:3      | Reached XP level 4. HP: 37/40 MP: 3/3
   853 | D:3      | Noticed Ijyb
   876 | D:3      | Killed Ijyb
   914 | D:3      | Reached skill level 5 in Shields
  1029 | D:4      | Noticed a phantom
  1029 | D:4      | Noticed a phantom
  1056 | D:4      | Killed a phantom
  1056 | D:4      | Reached XP level 5. HP: 33/47 MP: 4/4
  1071 | D:4      | Reached skill level 1 in Dodging
  1112 | D:4      | Killed a phantom
  1112 | D:4      | Reached XP level 6. HP: 18/53 MP: 5/5
  1128 | D:4      | Found Jaumad's Distillery.
  1237 | D:4      | Reached skill level 5 in Long Blades
  1256 | D:4      | Noticed Duvessa
  1257 | D:4      | Noticed Dowan
  1264 | D:4      | Noticed Edmund
  1266 | D:4      | Killed Dowan
  1275 | D:4      | Killed Duvessa
  1275 | D:4      | Reached skill level 5 in Armour
  1285 | D:4      | Killed Edmund
  1285 | D:4      | Reached skill level 5 in Fighting
  1285 | D:4      | Reached skill level 6 in Shields
  1285 | D:4      | Reached XP level 7. HP: 15/61 MP: 6/6
  1318 | D:4      | Noticed thisgamesucks's ghost (weakling MfCK)
  1329 | D:4      | Killed thisgamesucks's ghost
  1359 | D:4      | Noticed Menkaure
  1360 | D:4      | Found Roant's Weapon Shoppe.
  1370 | D:4      | Mangled by Menkaure

Skill      XL: |  1  2  3  4  5  6 |
---------------+-------------------+-----
Shields        | 4 5 6 |  6.0
Armour         | 4 5 |  5.2
Fighting       | 4 5 |  5.0
Long Blades    | 3 4 5 |  5.8
Dodging        | 1 2 |  2.3
Stealth        | |  0.1

Action                   |  1- 3 |  4- 6 |  7- 9 || total
-------------------------+-------+-------+-------++-------
Melee: Long sword        |    88 |    94 |    14 ||   196
       Headbutt          |    21 |    16 |     2 ||    39
  Use: Scroll            |     5 |       |       ||     5
       Potion            |     1 |     1 |       ||     2
  Eat: Chunk             |       |     1 |       ||     1
Armor: Scale mail        |    50 |    41 |       ||    91
       Chain mail        |       |       |     2 ||     2
Dodge: Dodged            |    24 |    39 |     2 ||    65
Block: Shield            |    68 |    53 |     9 ||   130
       Rpst.: Long sword |     9 |    11 |       ||    20
